 Dungeon Crawl Stone Soup version 0.29-a0-676-ga64570c9d2 (webtiles) character file.

Game seed: 15246026574988799578

2393 Newt the Bolt Thrower (level 9, 0/68 HPs)
             Began as a Demonspawn Abyssal Knight on June 24, 2022.
             Was an Elder of Lugonu.
             Shot with an arrow by a centaur warrior (19 damage)
             ... on level 8 of the Dungeon.
             The game lasted 00:13:57 (6251 turns).

Newt the Bolt Thrower (Demonspawn Abyssal Knight)   Turns: 6251, Time: 00:13:58

Health: 0/68       AC:  8    Str: 16    XL:     9   Next: 22%
Magic:  13/13      EV: 11    Int: 15    God:    Lugonu [****..]
Gold:   401        SH:  0    Dex: 12    Spells: 8/8 levels left

rFire   + + .      SeeInvis +   C - +8 hand crossbow of the Median {venom, rF++ rC- rN+}
rCold   . . .      Faith    .   (no shield)
rNeg    + . .      Spirit   .   i - +1 leather armour "Fixof" {*Slow Dex-4 Slay+5 SInv}
rPois   .          Reflect  .   (helmet restricted)
rElec   .          Harm     .   (no cloak)
rCorr   .          Rampage  .   (no gloves)
Will    .....                   (no boots)
Stlth   +.........              (no amulet)
HPRegen 0.21/turn               u - ring of protection from cold
MPRegen 0.13/turn               w - +4 ring of protection

@: no status effects
A: antennae 2, spiny 1, big brain 2
a: Renounce Religion, Depart the Abyss, Bend Space, Banish, Corrupt


You were on level 8 of the Dungeon.
You worshipped Lugonu.
Lugonu was greatly pleased with you.
You visited 1 branch of the dungeon, and saw 8 of its levels.
You visited the Abyss 1 time.

You collected 401 gold pieces.

Inventory:

Hand Weapons
 a - a +1 mace
 v - a +1 flail of protection
 C - the +8 hand crossbow of the Median (weapon) {venom, rF++ rC- rN+}
   (You found it on level 5 of the Dungeon)

   Any ammunition fired from it poisons the flesh of those it strikes.
   rF:        It greatly protects you from fire.
   rC:        It makes you vulnerable to cold.
   rN:        It protects you from negative energy.
 I - a +3 morningstar of pain
Missiles
 l - 13 boomerangs
 r - 2 poisoned darts
Armour
 b - a +0 leather armour
 e - a +0 chain mail
 i - the +1 leather armour "Fixof" (worn) {*Slow Dex-4 Slay+5 SInv}
   (You found it on level 2 of the Dungeon)

   Dex:       It affects your dexterity (-4).
   Slay:      It affects your accuracy & damage with ranged weapons and melee
   (+5).
   SInv:      It lets you see invisible.
   *Slow:     It may slow you when you take damage.
Jewellery
 s - a ring of positive energy
 u - a ring of protection from cold (left hand)
 w - a +4 ring of protection (right hand)
 G - a ring of ice
 H - a +6 ring of dexterity
 L - a +6 ring of strength
Wands
 z - a wand of iceblast (14)
Scrolls
 d - 2 scrolls of vulnerability {unknown}
 h - a scroll of amnesia {unknown}
 j - 3 scrolls of noise
 k - a scroll of magic mapping {unknown}
 n - a scroll of fear {unknown}
 o - 3 scrolls of enchant weapon {unknown}
 p - 4 scrolls of teleportation {unknown}
 t - 2 scrolls of fog {unknown}
 y - a scroll of identify
 A - a scroll of blinking
 E - a scroll of immolation {unknown}
 F - a scroll of silence {unknown}
 K - a scroll of enchant armour {unknown}
Potions
 c - 4 potions of flight
 f - a potion of lignification
 g - a potion of invisibility
 m - a potion of degeneration
 q - a potion of berserk rage
 x - a potion of might {unknown}
 B - 2 potions of haste {unknown}
 D - a potion of heal wounds {unknown}
 J - 2 potions of curing {unknown}


   Skills:
 + Level 5.1 Fighting
 + Level 5.1 Maces & Flails
 * Level 7.5 Crossbows
 - Level 2.4 Throwing
 + Level 3.6 Armour
 - Level 1.0 Dodging
 * Level 5.7 Invocations


You had 8 spell levels left.
You didn't know any spells.
Your spell library contained the following spells:

 Spells                   Type           Power      Damage    Failure   Level
 Sting                    Tmut/Pois      0%         1d3       32%         1
 Poisonous Vapours        Pois/Air       0%         N/A       43%         2
 Cause Fear               Hex            0%         N/A       97%         4
 Olgreb's Toxic Radiance  Pois           0%         N/A       97%         4
 Blade Hands              Tmut           0%         N/A       100%        5
 Irradiate                Conj/Tmut      0%         3d13      100%        5
 Dragon Form              Tmut           0%         N/A       100%        7
 Dragon's Call            Summ           0%         N/A       100%        9


Dungeon Overview and Level Annotations

Branches:
Dungeon (8/15)             Temple (0/1) D:7
   Lair: D:8-11

Altars:
Hepliaklqana
Okawaru
Xom

Shops:
D:4 *


Innate Abilities, Weirdness & Mutations

You have a pair of antennae on your head.
You are partially covered in sharp spines.
You have an extremely huge brain. (Int +4)


Message History

Aim: a centaur warrior, wielding a +0 shortbow (lightly wounded, very poisoned, 79% to hit)
You shoot a bolt. The bolt hits the centaur warrior!
The centaur warrior looks as sick as possible!
The centaur warrior is moderately wounded.
The centaur warrior shoots an arrow.
The arrow hits you!
Press: ? - help, Shift-Dir - straight line, f/p - centaur warrior
Aim: a centaur warrior, wielding a +0 shortbow (moderately wounded, extremely poisoned, chance to affect: 69%)
You fail to use your ability.
The centaur warrior shoots an arrow.
The arrow hits you!
* * * LOW HITPOINT WARNING * * *
The centaur warrior shoots an arrow.
The arrow misses you.
You climb upwards.
There is a stone staircase leading down here.
You start resting.
HP restored.
You climb downwards.
The centaur warrior shoots an arrow.
The arrow hits you.
The centaur warrior shoots an arrow.
The arrow hits you.
There is a stone staircase leading up, spattered with blood here.
Shoot: C) +8 hand crossbow of the Median {venom, rF++ rC- rN+}
Press: ? - help, Q - select action, (/) - cycle Shift-Dir - straight line, f - centaur warrior
Aim: a centaur warrior, wielding a +0 shortbow (79% to hit)
You shoot a bolt. The bolt hits the centaur warrior.
The centaur warrior is poisoned.
The centaur warrior is lightly wounded.
Shoot: C) +8 hand crossbow of the Median {venom, rF++ rC- rN+}
Press: ? - help, Q - select action, (/) - cycle Shift-Dir - straight line, f/p - centaur warrior
Aim: a centaur warrior, wielding a +0 shortbow (lightly wounded, very poisoned, 79% to hit)
You shoot a bolt.
The bolt barely misses the centaur warrior.
The centaur warrior shoots an arrow.
The arrow hits you!
The centaur warrior shoots an arrow.
The arrow hits you!
Shoot: C) +8 hand crossbow of the Median {venom, rF++ rC- rN+}
Press: ? - help, Q - select action, (/) - cycle Shift-Dir - straight line, f/p - centaur warrior
Aim: a centaur warrior, wielding a +0 shortbow (lightly wounded, very poisoned, 79% to hit)
You shoot a bolt. The bolt hits the centaur warrior!
The centaur warrior is moderately wounded.
The centaur warrior shoots an arrow.
The arrow hits you!
* * * LOW HITPOINT WARNING * * *
The centaur warrior shoots an arrow.
The arrow hits you!!
You die...

.#. . ... ..
.... ... .....
....######.....
.........c[..#
.......)[....#
#.@.....#
#.......#
#.......#
#...>...#
#.......#
#########


You could see a centaur warrior (very poisoned).

Vanquished Creatures
  Maggie (D:6)
  Prince Ribbit (D:6)
  A water moccasin (D:5)
  A sky beast (D:7)
  An orc warrior (D:8)
  A black bear (D:5)
  3 ogres
  3 centaurs
  2 phantoms
  2 necrophages
  A bullfrog (D:6)
  A scorpion (D:7)
  2 vampire bats (D:4)
  8 hounds
  An orc priest (D:6)
  A gnoll shaman (D:6)
  An iguana (D:5)
  An orc wizard (D:6)
  7 adders
  4 gnolls (D:6)
  An ufetubus (D:5)
  A worm (D:5)
  4 dart slugs
  20 orcs
  15 bats
  8 endoplasms
  4 giant cockroaches
  4 goblins
  8 hobgoblins
  2 jackals (D:3)
  8 quokkas
  3 ball pythons
  2 frilled lizards (D:1)
  5 kobolds
  2 rats
130 creatures vanquished.

Notes
Turn   | Place    | Note
-------+----------+-------------------------------------------
     0 | Abyss:1  | Newt the Demonspawn Abyssal Knight began the quest for the
                  | Orb.
     0 | Abyss:1  | Reached XP level 1. HP: 18/18 MP: 2/2
     0 | D:1      | Escaped the Abyss
   228 | D:1      | Gained mutation: You have a pair of small antennae on your
                  | head. [demonic ancestry]
   228 | D:1      | Reached XP level 2. HP: 24/24 MP: 4/4
   992 | D:2      | Identified the +1 leather armour "Fixof" {*Slow Dex-4
                  | Slay+5 SInv}
  1030 | D:2      | Reached XP level 3. HP: 29/29 MP: 5/5
  1414 | D:2      | Reached skill level 1 in Dodging
  1501 | D:2      | Reached *** piety under Lugonu
  1562 | D:3      | Reached XP level 4. HP: 7/36 MP: 6/6
  1831 | D:3      | Found a faded altar of an unknown god.
  2703 | D:4      | Noticed an ogre
  2709 | D:4      | Killed an ogre
  2710 | D:4      | Reached skill level 1 in Throwing
  2710 | D:4      | Gained mutation: You have an unusually large brain. (Int
                  | +2) [demonic ancestry]
  2710 | D:4      | Reached XP level 5. HP: 40/42 MP: 7/7
  2710 | D:4      | Noticed a phantom
  2734 | D:4      | Killed a phantom
  2735 | D:4      | Reached XP level 6. HP: 31/48 MP: 8/8
  2966 | D:4      | Found Niesinwuire's Fire Supplies.
  3239 | D:5      | Entered Level 5 of the Dungeon
  3299 | D:5      | Identified the +8 hand crossbow of the Median {venom, rF++
                  | rC- rN+}
  3514 | D:5      | Reached skill level 1 in Crossbows
  3514 | D:5      | Gained mutation: You have an extremely huge brain. (Int +4)
                  | [demonic ancestry]
  3514 | D:5      | Reached XP level 7. HP: 45/54 MP: 9/9
  3572 | D:5      | Reached skill level 5 in Maces & Flails
  3572 | D:5      | Reached skill level 2 in Crossbows
  3574 | D:5      | Reached **** piety under Lugonu
  3586 | D:5      | Reached skill level 3 in Crossbows
  3825 | D:5      | Gained mutation: You are partially covered in sharp spines.
                  | [demonic ancestry]
  3825 | D:5      | Reached XP level 8. HP: 61/61 MP: 11/11
  4266 | D:6      | Noticed Maggie
  4272 | D:6      | Killed Maggie
  4273 | D:6      | Reached skill level 5 in Crossbows
  4478 | D:6      | Reached skill level 5 in Invocations
  4631 | D:6      | Reached skill level 6 in Crossbows
  4717 | D:6      | Noticed Prince Ribbit
  4726 | D:6      | Killed Prince Ribbit
  4858 | D:6      | Found an iron altar of Okawaru.
  5055 | D:6      | Gained mutation: You have a pair of antennae on your head.
                  | [demonic ancestry]
  5055 | D:6      | Reached XP level 9. HP: 53/67 MP: 13/13
  5129 | D:6      | Reached skill level 5 in Fighting
  5461 | D:7      | Reached skill level 7 in Crossbows
  5560 | D:7      | Found a staircase to the Ecumenical Temple.
  5682 | D:7      | Found a shimmering altar of Xom.
  5712 | D:7      | Found a hazy altar of Hepliaklqana.
  5713 | D:7      | Noticed a spectral ugly thing
  5818 | D:8      | Noticed a centaur warrior
  6251 | D:8      | Shot with an arrow by a centaur warrior

Illustrated notes

Levels and vault maps discovered:
D:1:      dpeg_arrival_long_road, layout_loops_ring, grunt_decor_junction,
          nrook_campfire
D:2:      layout_basic, basic_altar, supply_closet_lemuel, hangedman_decor_push
D:3:      layout_loops_cross, ebering_ecumenical_altar_abandoned,
          amethyst_killhole, chequers_jeans
D:4:      layout_rooms, roderic_batcave, nicolae_shop_fire_sale
          [nicolae_sub_dead_trees], solitary_fountain
D:5:      layout_basic, minmay_joined_circles
D:6:      layout_layer_cave, lemuel_crystal_altar, kennysheep_generic_room_9,
          uniq_prince_ribbit1, uniq_maggie
D:7:      layout_rooms, regret_index_temple_of_mockery,
          minmay_temple_entry_slanted
D:8:      layout_rooms, kennysheep_mini, hangedman_feature_mirror

Skill      XL: |  1  2  3  4  5  6  7  8  9 |
---------------+----------------------------+-----
Armour         | 2 3 |  3.6
Maces & Flails | 2 3 4 5 |  5.1
Dodging        | 1 |  1.0
Throwing       | 1 2 |  2.4
Fighting       | 4 5 |  5.1
Invocations    | 3 4 5 |  5.7
Crossbows      | 1 3 6 7 |  7.5

Action                   |  1- 3 |  4- 6 |  7- 9 || total
-------------------------+-------+-------+-------++-------
Melee: Mace              |    98 |    27 |       ||   125
       Punch             |     1 |       |       ||     1
       Flail             |       |    53 |       ||    53
 Fire: Hand crossbow     |       |    12 |   134 ||   146
Throw: Boomerang         |    23 |    15 |       ||    38
       Dart              |       |     2 |       ||     2
Invok: Depart the Abyss  |     1 |       |       ||     1
  Use: Scroll            |     4 |       |     3 ||     7
Armor: Leather armour    |    29 |    50 |    35 ||   114
       Chain mail        |    34 |       |       ||    34
Dodge: Dodged            |    58 |    75 |    50 ||   183

Table legend: (Time is in decaauts)
 A = Elapsed time spent in this place.
 B = Non-inter-level travel time spent in this place.
 C = Inter-level travel time spent in this place.
 D = Time resting spent in this place.
 E = Time spent auto-exploring this place.
 F = Levels seen in this place.
 G = Mean time per level.
                   A        B        C        D        E       F      G
               +--------+--------+--------+--------+--------+-----+--------+
         Total |   6347 |   6246 |    101 |    965 |   4339 |   9 |  705.2 |
       Dungeon |   6347 |   6246 |    101 |    965 |   4339 |   8 |  793.4 |
         Abyss |      0 |      0 |      0 |      0 |      0 |   1 |    0.0 |
               +--------+--------+--------+--------+--------+-----+--------+

Top non-repeatable levels by time:
     D:6: 1210 daAuts
     D:3: 1056 daAuts
     D:1: 989 daAuts
     D:7: 945 daAuts
     D:5: 878 daAuts
     D:4: 687 daAuts
     D:2: 559 daAuts
     D:8: 20 daAuts
